 Dungeon Crawl Stone Soup version 0.25.1-11-g244df3a29b (webtiles) character file.

Game seed: 15880125892886123206

4235 DeepDeath the Covert (level 10, 0/60 HPs)
             Began as an Octopode Assassin on Feb 8, 2024.
             Was an Initiate of Gozag.
             Slain by a wyvern (20 damage)
             ... on level 7 of the Dungeon.
             The game lasted 00:27:49 (8751 turns).

DeepDeath the Covert (Octopode Assassin)            Turns: 8751, Time: 00:27:49

Health: 0/60       AC:  1    Str: 13    XL:     10   Next: 30%
Magic:  10/10      EV: 13    Int: 20    God:    Gozag
Gold:   324        SH:  0    Dex: 14    Spells: 9/9 levels left

rFire    . . .     SeeInvis .   w - +3 dagger (venom)
rCold    . . .     Gourm    .   (no shield)
rNeg     + . .     Faith    .   (helmet restricted)
rPois    .         Spirit   .   (no amulet)
rElec    .         Reflect  .   l - ring of positive energy
rCorr    .         Harm     .   p - +6 ring of intelligence
MR       .....                  (no ring)
Stlth    ++++++....             (no ring)
HPRegen  0.20/turn              (no ring)
MPRegen  0.12/turn              (no ring)
                                (no ring)
                                (no ring)

@: no status effects
A: almost no armour, stealthy swim, amphibious, 8 rings, constrict 8, camouflage
1, gelatinous body 1
a: Potion Petition, Call Merchant, Bribe Branch, Renounce Religion


You were on level 7 of the Dungeon.
You worshipped Gozag.
Gozag was aware of your devotion.
You were not hungry.

You visited 2 branches of the dungeon, and saw 9 of its levels.
You also visited: Ossuary.

You collected 421 gold pieces.
You paid 97 gold pieces to Gozag.

Inventory:

Hand Weapons
 a - a +2 dagger
 m - a +0 rapier
 s - a +1 short sword of speed
 w - a +3 dagger of venom (weapon)
Missiles
 e - 142 arrows
 g - 81 sling bullets
 i - 2 boomerangs
 n - 74 stones
 r - 3 throwing nets
 A - 20 poisoned darts (quivered)
 Z - 6 curare-tipped darts
Jewellery
 l - a ring of positive energy (left tentacle)
 p - a +6 ring of intelligence (right tentacle)
Wands
 t - a wand of random effects (13)
 u - a wand of flame (7)
Scrolls
 d - 4 scrolls of remove curse
 h - 2 scrolls of blinking
 q - 2 scrolls of amnesia
 x - a scroll of noise
 y - 3 scrolls of teleportation
 E - 2 scrolls of fog
 G - a scroll of vulnerability {unknown}
Potions
 b - 2 potions of heal wounds
 c - 12 potions of curing
 j - a potion of cancellation
 k - a potion of magic
 o - 2 potions of brilliance
 v - 2 potions of resistance {unknown}
 z - 2 potions of mutation {unknown}
 B - a potion of flight {unknown}
 C - 2 potions of lignification {unknown}
 D - a potion of stabbing {unknown}
 F - a potion of invisibility {unknown}
Comestibles
 f - 11 rations


   Skills:
 - Level 2.0 Fighting
 * Level 11.4 Short Blades
 + Level 4.9 Throwing
 - Level 1.0 Dodging
 + Level 12.3 Stealth


You had 9 spell levels left.
You didn't know any spells.
Your spell library contained the following spells:

 Spells                   Type           Power        Failure   Level  Hunger
 Beastly Appendage        Tmut           #.....       19%         1    ##.....
 Sandblast                Erth           #.....       19%         1    ##.....
 Summon Small Mammal      Summ           #...         19%         1    ##.....
 Call Imp                 Summ           #.......     28%         2    ###....
 Passwall                 Tmut/Erth      #.......     28%         2    ###....
 Sticks to Snakes         Tmut           #.......     28%         2    ###....
 Call Canine Familiar     Summ           #.......     50%         3    ####...
 Spider Form              Tmut/Pois      #.........   50%         3    ####...
 Stone Arrow              Conj/Erth      #.....       50%         3    ####...
 Summon Guardian Golem    Hex/Summ       #.......     50%         3    ####...
 Ice Form                 Ice/Tmut       #.......     88%         4    #####..
 Petrify                  Tmut/Erth      #.......     88%         4    #####..
 Summon Ice Beast         Ice/Summ       #.......     88%         4    #####..
 Summon Lightning Spire   Summ/Air       #.......     88%         4    #####..
 Blade Hands              Tmut           #.........   99%         5    ######.
 Lee's Rapid Deconstruct  Erth           #.........   99%         5    ######.


Dungeon Overview and Level Annotations

Branches:
Dungeon (8/15)             Temple (1/1) D:5         Ossuary (visited)
   Lair: D:8-11

Altars:
Ashenzari
Cheibriados
Dithmenos
Elyvilon
Fedhas
Gozag
Hepliaklqana
Kikubaaqudgha
Makhleb
Nemelex Xobeh
Okawaru
Qazlal
Ru
Sif Muna
Trog
Uskayaw
Vehumet
Wu Jian
Xom
Yredelemnul
Zin
The Shining One

Annotations:
D:7 exclusion: killer bee


Innate Abilities, Weirdness & Mutations

You cannot wear most types of armour.
You are very stealthy in the water. (Stealth+)
You are amphibious.
You can wear up to eight rings at the same time.
You can use your tentacles to constrict eight enemies at once.
Your skin changes colour to match your surroundings (Stealth+).
Your rubbery body absorbs attacks. (AC +1, EV +1)


Message History

You climb upwards.
Level annotation: exclusion: killer bee
There is a stone staircase leading down here.
Unknown command.
Unknown command.
Unknown command.
You feel much better. The wyvern barely misses you. The wyvern bites you.
Your +3 dagger of venom begins to drip with poison!
w - a +3 dagger of venom (weapon)
You barely miss the wyvern. Your squeeze misses the wyvern.
The wyvern bites you!
Fire/throw which item? (* to show all) (? for menu, Esc to quit)
Throwing (i - inventory. (/) - cycle)
A - 20 poisoned darts (quivered)
Press: ? - help, Shift-Dir - straight line, f - wyvern
Aim: a wyvern You throw a curare-tipped dart.
The curare-tipped dart closely misses the wyvern.
The wyvern bites you!!
You die...
Your body crumbles into a pile of gold.

##.[.....#...)....#.###....
##......#...)......###....
##..........##.#.........
##.........##.###.......
#...........#.####......
###..............# ###....
#...............## #......
##..............######.....
#.........@.......##.#.....
#..........l.##...#........
##...#......(###....##....[
###.........#####...#.....
###.#...#...# ##..#.....
###..##...# ##.......
#####...#####.......
#...##..........
##..#...........


You could see a wyvern.

Vanquished Creatures
  A two-headed ogre (D:8)
  Maurice (D:8)
  Joseph (D:7)
  Prince Ribbit (D:7)
  Grinder (D:4)
  Menkaure (D:7)
  Edmund (D:5)
  An ogre (D:7)
  2 phantoms
  2 centaurs (D:5)
  2 necrophages
  A big kobold (D:7)
  A bullfrog (D:7)
  A gnoll sergeant (D:7)
  A scorpion (D:6)
  A killer bee (D:7)
  A howler monkey (D:4)
  2 wights (D:6)
  4 crimson imps
  4 centaur zombies
  A human zombie (Ossuary)
  A jelly (D:6)
  3 orc priests
  7 hounds
  4 orc wizards
  An iron imp (D:5)
  7 worker ants
  A big kobold zombie (Ossuary)
  A hound skeleton (D:4)
  3 mummies (Ossuary)
  A howler monkey zombie (D:7)
  A worker ant zombie (D:7)
  9 adders
  A howler monkey skeleton (D:4)
  8 gnolls
  A shadow imp (D:5)
  2 oozes
  2 adder skeletons
  2 worms
  3 dart slugs
  14 leopard geckos
  16 orcs
  11 bats
  3 giant cockroaches
  A gnoll zombie (Ossuary)
  12 goblins
  6 hobgoblins
  13 jackals
  10 kobolds
  6 quokkas
  2 ball pythons (D:1)
  9 frilled lizards
  A giant cockroach zombie (D:5)
  2 goblin skeletons (D:5)
  A goblin zombie (Ossuary)
  A hobgoblin zombie (D:5)
  A jackal skeleton (D:4)
  3 kobold zombies
  An orc skeleton (D:5)
  3 orc zombies (D:5)
  A quokka skeleton (D:4)
  A quokka zombie (D:5)
  11 rats
218 creatures vanquished.

Notes
Turn   | Place    | Note
-------+----------+-------------------------------------------
     0 | D:1      | DeepDeath the Octopode Assassin began the quest for the
                  | Orb.
     0 | D:1      | Reached XP level 1. HP: 14/14 MP: 1/1
    59 | D:1      | Reached XP level 2. HP: 19/19 MP: 2/2
   255 | D:1      | Reached XP level 3. HP: 18/24 MP: 3/3
   593 | D:1      | Reached skill level 6 in Stealth
   897 | D:2      | Reached XP level 4. HP: 29/29 MP: 4/4
   909 | D:2      | Found a hazy altar of Hepliaklqana.
  1998 | D:2      | Reached XP level 5. HP: 34/34 MP: 5/5
  2228 | D:3      | Found a radiant altar of Vehumet.
  2636 | D:3      | Found a white marble altar of Elyvilon.
  2765 | D:3      | Reached skill level 7 in Stealth
  2869 | D:3      | Reached skill level 5 in Short Blades
  2875 | D:3      | Reached XP level 6. HP: 28/39 MP: 6/6
  3065 | D:4      | Noticed Grinder
  3076 | D:4      | Killed Grinder
  3076 | D:4      | Reached XP level 7. HP: 45/45 MP: 7/7
  3092 | D:4      | Reached skill level 8 in Stealth
  3696 | D:4      | HP: 1/45 [gnoll/+0 halberd (16)]
  4266 | D:5      | Entered Level 5 of the Dungeon
  4289 | D:5      | Found a staircase to the Ecumenical Temple.
  4298 | Temple   | Entered the Ecumenical Temple
  4363 | D:5      | Found a blossoming altar of Fedhas.
  4365 | D:5      | Found an ancient bone altar of Kikubaaqudgha.
  4389 | D:5      | Found a glowing golden altar of the Shining One.
  4403 | D:5      | Reached XP level 8. HP: 44/50 MP: 8/8
  4493 | D:5      | Reached skill level 9 in Stealth
  4783 | D:5      | Found a sand-covered staircase.
  4788 | Ossuary  | Entered an ossuary
  5462 | D:5      | Noticed Edmund
  5510 | D:5      | Killed Edmund
  5744 | D:5      | Reached skill level 10 in Stealth
  6078 | D:6      | Found a snail-covered altar of Cheibriados.
  6080 | D:6      | Found a bloodstained altar of Trog.
  6081 | D:6      | Found an iron altar of Okawaru.
  6205 | D:6      | Reached XP level 9. HP: 28/54 MP: 9/9
  7464 | D:7      | Noticed Joseph
  7614 | D:7      | Reached skill level 11 in Stealth
  7622 | D:7      | Found an opulent altar of Gozag.
  7626 | D:7      | Became a worshipper of Gozag Ym Sagoz the Greedy
  7650 | D:7      | Reached skill level 10 in Short Blades
  8041 | D:7      | Noticed Menkaure
  8048 | D:7      | Noticed Prince Ribbit
  8051 | D:7      | Killed Joseph
  8055 | D:7      | Killed Menkaure
  8090 | D:7      | Killed Prince Ribbit
  8675 | D:8      | Noticed Maurice
  8684 | D:8      | Killed Maurice
  8684 | D:8      | Reached skill level 12 in Stealth
  8684 | D:8      | Reached XP level 10. HP: 54/60 MP: 10/10
  8689 | D:8      | Noticed a two-headed ogre
  8699 | D:8      | Killed a two-headed ogre
  8751 | D:7      | Slain by a wyvern

Illustrated notes

Levels and vault maps discovered:
D:1:      wander_arrival_abandoned_jail, layout_loops_corners
D:2:      minmay_chambers_of_ones, layout_basic, nicolae_overflow_hidden_temple,
          kennysheep_generic_room_5
D:3:      layout_loops_ring, lemuel_doored_altar, elyvilon_altar_5
D:4:      layout_cave_pools, first_ration, uniq_grinder
D:5:      layout_loops_ring, grunt_temple_overflow_growth_and_decay,
          temple_green, enter_ossuary_5, nicolae_tso_besieged_by_evil,
          uniq_edmund
D:6:      layout_rooms, chequers_temple_overflow_statue_of_worship
D:7:      layout_cave_pools, marbit_many_paths, grunt_ogre_cave, uniq_menkaure,
          uniq_joseph, uniq_prince_ribbit1
D:8:      layout_cave_pools, old_standard_altar, serial_shops, shop,
          uniq_maurice, uniq_pikel, uniq_erica
Temple:   nicolae_temple_figure_eight

Skill      XL: |  1  2  3  4  5  6  7  8  9 |
---------------+----------------------------+-----
Short Blades   | 3 4 5 6 7 8 11 | 11.4
Stealth        | 6 7 8 10 12 | 12.3
Throwing       | 4 |  4.9
Fighting       | |  2.0
Dodging        | |  1.0

Action                   |  1- 3 |  4- 6 |  7- 9 | 10-12 || total
-------------------------+-------+-------+-------+-------++-------
Melee: Dagger            |    55 |   112 |   252 |     2 ||   421
       Constrict         |    11 |    20 |    69 |       ||   100
       Tentacles         |     7 |    16 |    75 |     2 ||   100
       Short sword       |       |       |    65 |     7 ||    72
Throw: Dart              |       |     1 |    58 |     1 ||    60
       Boomerang         |       |       |     7 |       ||     7
       Throwing net      |       |       |     1 |       ||     1
  Use: Scroll            |     1 |     5 |    10 |       ||    16
       Potion            |       |     2 |     3 |     1 ||     6
 Stab: Sleeping          |    16 |    21 |    32 |     1 ||    70
       Distracted        |       |     1 |     1 |       ||     2
       Held in net/web   |       |       |     1 |       ||     1
  Eat: Chunk             |       |     7 |     7 |       ||    14
       Ration            |       |       |     3 |       ||     3
Armor: Skin              |     2 |     4 |     6 |       ||    12
Dodge: Dodged            |    26 |    63 |   120 |     4 ||   213
